 Dungeon Crawl Stone Soup version 0.29-a0-563-g64e4043184 (webtiles) character file.

Game seed: 5360189131956396189

2 DocClef the Covert (level 1, -3/23 HPs)
             Began as a Gnoll Delver on June 11, 2022.
             Slain by an iron imp (10 damage)
             ... on level 5 of the Dungeon.
             The game lasted 00:00:28 (78 turns).

DocClef the Covert (Gnoll Delver)                     Turns: 78, Time: 00:00:29

Health: -3/23      AC:  3    Str: 11    XL:     1   Next: 30%
Magic:  1/1        EV: 13    Int:  9    God:
Gold:   18         SH:  0    Dex: 13    Spells: 0/0 levels left

rFire   . . .      SeeInvis .   a - +0 short sword
rCold   . . .      Faith    .   (no shield)
rNeg    . . .      Spirit   .   b - +0 leather armour
rPois   .          Reflect  .   (no helmet)
rElec   .          Harm     .   (no cloak)
rCorr   .          Rampage  .   (no gloves)
Will    .....                   (no boots)
Stlth   ++++......              (no amulet)
HPRegen 0.07/turn               (no ring)
MPRegen 0.07/turn               (no ring)

@: no status effects
A: fangs 1, strong nose, distributed training
a: no special abilities


You were on level 5 of the Dungeon.
You visited 1 branch of the dungeon, and saw 2 of its levels.

You collected 18 gold pieces.

Inventory:

Hand Weapons
 a - a +0 short sword (weapon)
Armour
 b - a +0 leather armour (worn)
Wands
 g - a wand of digging (3)
Scrolls
 c - a scroll of fog
 e - a scroll of fear
Potions
 d - a potion of flight {unknown}
 f - a potion of haste


   Skills:
 + Level 6.4 Fighting
 + Level 4.4 Short Blades
 + Level 0.0 Long Blades
 + Level 0.0 Axes
 + Level 0.0 Maces & Flails
 + Level 0.0 Polearms
 + Level 0.0 Staves
 + Level 0.0 Slings
 + Level 0.0 Bows
 + Level 0.0 Crossbows
 + Level 0.0 Throwing
 + Level 0.0 Armour
 + Level 4.4 Dodging
 + Level 9.5 Stealth
 + Level 0.0 Shields
 + Level 0.0 Unarmed Combat
 + Level 0.0 Spellcasting
 + Level 0.0 Conjurations
 + Level 0.0 Hexes
 + Level 0.0 Summonings
 + Level 0.0 Necromancy
 + Level 0.0 Translocations
 + Level 0.0 Transmutations
 + Level 0.0 Fire Magic
 + Level 0.0 Ice Magic
 + Level 0.0 Air Magic
 + Level 0.0 Earth Magic
 + Level 0.0 Poison Magic
 + Level 0.1 Invocations
 + Level 0.0 Evocations


You couldn't memorise any spells.
You didn't know any spells.
Your spell library was empty.

Dungeon Overview and Level Annotations

Branches:
Dungeon (5/15)
 Temple: D:4-7

Altars:
Cheibriados


Innate Abilities, Weirdness & Mutations

You have very sharp teeth.
Your uncanny sense of smell can sniff out nearby items.
Your experience applies equally to all skills.


Message History

You barely miss the iron imp. You hit the iron imp.
The iron imp is lightly wounded.
The iron imp completely misses you.
You closely miss the iron imp.
The iron imp is lightly wounded.
The iron imp closely misses you.
You hit the iron imp.
The iron imp is heavily wounded.
You barely miss the iron imp.
The iron imp is heavily wounded.
The iron imp closely misses you.
You hit the iron imp but do no damage.
The iron imp is heavily wounded.
The iron imp closely misses you.
You barely miss the iron imp.
The iron imp is heavily wounded.
You hit the iron imp.
The iron imp is heavily wounded.
The iron imp barely misses you.
You closely miss the iron imp.
The iron imp is heavily wounded.
The iron imp completely misses you.
You hit the iron imp.
The iron imp is heavily wounded.
The iron imp barely misses you.
You hit the iron imp.
The iron imp is severely wounded.
You hit the iron imp but do no damage.
The iron imp is severely wounded.
The iron imp closely misses you.
You hit the iron imp but do no damage.
The iron imp is severely wounded.
The iron imp hits you!
You hit the iron imp.
The iron imp is severely wounded.
You hit the iron imp.
The iron imp is almost dead.
The iron imp hits you!
You die...

,,,,,,,,..,,,,,,,,,,,,,,,,,,,,**,
,,*******.##*********#..*,,,,,,,,
,,* *...* *##...,,,,,,,,, ,,*
**#.#######.....,,,,,,,,, ,,*
#.............,*,*,,,,, ***
*#..........,,.,,*,*,,,
##........###..,,,,,,,,
##..>..........#***,**,,
******##.....#@......#* **,***,
*,,,..........5......# **,,* *,
*,,,.....##.###.....##**,,*****
*,,,........# #.....# *,,***,,,
**,,,...####.#*#.....#**,,***,,,
**,,,,..)**,...,........,*,,,*,,,
*,,,,,..,,,,##.,.........***,,,,,
***,,,,,,,,,,,,,..._.....,****,,,
**,,,,,,*****,..........,,,,,,,,


You could see an iron imp.

Vanquished Creatures
  An endoplasm (D:4)
  A ball python (D:4)
2 creatures vanquished.

Notes
Turn   | Place    | Note
-------+----------+-------------------------------------------
     0 | D:5      | Reached skill level 9 in Stealth
     0 | D:5      | DocClef the Gnoll Delver began the quest for the Orb.
     0 | D:5      | Reached XP level 1. HP: 23/23 MP: 1/1
     3 | D:5      | Found a snail-covered altar of Cheibriados.
     3 | D:5      | Noticed an iron imp
    78 | D:5      | Slain by an iron imp

Illustrated notes

Levels and vault maps discovered:
D:4:      minmay_general_purpose_star, layout_cave_pools,
          mainiacjoe_overflow_catwalk, minmay_temple_entry_trees, st_stairs_8,
          supply_closet_lemuel, minmay_cut_off
D:5:      layout_rooms, slow_altar_1, gup_sewer_entry_glass,
          nicolae_ossuary_entry_false_entrances, serial_shops, shop,
          uniq_blork_the_orc

Skill      XL: | |
---------------+-+-----
Stealth        | |  9.5
Fighting       | |  6.4
Short Blades   | |  4.4
Dodging        | |  4.4
Invocations    | |  0.1

Action                   || total
-------------------------++-------
Melee: Short sword       ||    24
       Bite              ||     1
  Use: Scroll            ||     1
 Stab: Sleeping          ||     1
Dodge: Dodged            ||    12

Table legend: (Time is in decaauts)
 A = Elapsed time spent in this place.
 B = Non-inter-level travel time spent in this place.
 C = Inter-level travel time spent in this place.
 D = Time resting spent in this place.
 E = Time spent auto-exploring this place.
 F = Levels seen in this place.
 G = Mean time per level.
                   A        B        C        D        E       F      G
               +--------+--------+--------+--------+--------+-----+--------+
         Total |     75 |     75 |      0 |      0 |      0 |   2 |   37.5 |
       Dungeon |     75 |     75 |      0 |      0 |      0 |   2 |   37.5 |
               +--------+--------+--------+--------+--------+-----+--------+

Top non-repeatable levels by time:
     D:4: 48 daAuts
     D:5: 27 daAuts
